 Dungeon Crawl Stone Soup version 0.31-a0-188-g5e087ee2ca (webtiles) character file.

Game seed: 13041549085967541044

16 qw the Shooter (level 2, -1/16 HPs)
             Began as a Deep Elf Hunter on June 22, 2023.
             Slain by a kobold
             ... wielding a +0 dagger
              (2 damage)
             ... on level 2 of the Dungeon.
             The game lasted 00:00:15 (508 turns).

qw the Shooter (Deep Elf Hunter)                     Turns: 508, Time: 00:00:16

Health: -1/16      AC:  3    Str:  8    XL:     2   Next: 37%
Magic:  4/4        EV: 12    Int: 13    God:
Gold:   87         SH:  0    Dex: 18    Spells: 1/1 levels left

rFire   . . .        i - +0 shortbow (heavy)
rCold   . . .        (shield currently unavailable)
rNeg    . . .        c - +0 leather armour
rPois   .            (no helmet)
rElec   .            (no cloak)
rCorr   .            (no gloves)
SInv    .            (no boots)
Will    .....        (no amulet)
Stlth   ++           (no ring)
HPRegen 0.22/turn    (no ring)
MPRegen 0.09/turn

%: no passive effects
@: no status effects
A: no striking features
a: no special abilities


You were on level 2 of the Dungeon.
You visited 1 branch of the dungeon, and saw 2 of its levels.

You collected 87 gold pieces.


   Skills:
 - Level 1.5 Fighting
 + Level 6.2 Ranged Weapons
 - Level 2.4 Dodging
 - Level 1.2 Stealth


You had one spell level left.
You didn't know any spells.
Your spell library was empty.

Inventory:

Hand Weapons
 i - a +0 heavy shortbow (weapon)
Armour
 c - a +0 leather armour (worn)
Scrolls
 a - a scroll of identify
Potions
 b - a potion of heal wounds {unknown}
 g - a potion of curing
 h - a potion of attraction {unknown}

Dungeon Overview and Level Annotations

Branches:
Dungeon (2/15)

Altars:

Shops:
D:1 :


Message History

The jackal closely misses you.
The kobold throws a stone.
The stone closely misses you.
A giant cockroach comes into view.
You shoot an arrow. The arrow barely misses the jackal.
The arrow hits the giant cockroach but does no damage.
The jackal closely misses you. The jackal bites you.
The jackal closely misses you.
You shoot an arrow. The arrow barely misses the jackal.
The jackal bites you.
A jackal comes into view.
The kobold hits you with a +0 dagger. The jackal barely misses you.
You shoot an arrow. The arrow hits the jackal!
You kill the jackal!
The kobold closely misses you.
The giant cockroach bites you but does no damage.
The kobold closely misses you. The jackal barely misses you.
The giant cockroach closely misses you.
You shoot an arrow.
The arrow hits the jackal but does no damage.
The jackal barely misses you.
The giant cockroach bites you but does no damage.
The kobold closely misses you.
The jackal bites you but does no damage.
The giant cockroach bites you but does no damage.
The kobold misses you.
You shoot an arrow. The arrow hits the jackal.
The jackal is moderately wounded.
The jackal misses you. The giant cockroach barely misses you.
The jackal bites you. The kobold misses you. The giant cockroach bites you.
The jackal bites you. The kobold hits you but does no damage.
You shoot an arrow. The arrow hits the jackal.
The jackal is severely wounded.
The jackal barely misses you. The giant cockroach closely misses you.
The jackal misses you. The kobold barely misses you.
The giant cockroach bites you.
You shoot an arrow. The arrow hits the jackal.
You kill the jackal!
The giant cockroach bites you. The kobold hits you with a +0 dagger.
The giant cockroach barely misses you. The kobold hits you with a +0 dagger.
You die...

.. #.### #.## .>. ..
#..# #.####.#..#####
...##..........
#####%.##..##.#####
#......##.......#
...#.#B#%...##...#.#.#
..)...K@....#....#.#.#
....##.#.#..####.#.#.#
. #.#.#....)....#.#
#.#.##....#..##.#
#.#.##.......##.#
..#.....(....##.#
######.......##.#
#.......##.#
#..........#


You could see a giant cockroach and a kobold.

Vanquished Creatures
  2 ball pythons
  2 bats
  An endoplasm (D:1)
  3 goblins
  3 jackals (D:2)
  A quokka (D:1)
  A frilled lizard (D:1)
  2 rats (D:1)
15 creatures vanquished.

Notes
Turn   | Place    | Note
-------+----------+-------------------------------------------
     0 | D:1      | qw the Deep Elf Hunter began the quest for the Orb.
     0 | D:1      | Reached XP level 1. HP: 12/12 MP: 3/3
     0 | D:1      | 0 ||| qw: Version: 0.3-a-9-g12657ce
     0 | D:1      | 0 ||| qw: Game counter: 3042
     0 | D:1      | 0 ||| qw: Always use a shield: true
     0 | D:1      | 0 ||| qw: God list: Okawaru
     0 | D:1      | 0 ||| qw: Allow faded altars: false
     0 | D:1      | 0 ||| qw: Do Orc after D:15 true
     0 | D:1      | 0 ||| qw: Do second Lair branch before Depths: true
     0 | D:1      | 0 ||| qw: Lair rune preference: random
     0 | D:1      | 0 ||| qw: Plans: Normal
     0 | D:1      | 0 ||| PLANNING D:1-11
    69 | D:1      | Found Obiuwnorch's Vocational Training.
   155 | D:1      | Reached XP level 2. HP: 16/16 MP: 4/4
   160 | D:1      | Reached skill level 6 in Ranged Weapons
   256 | D:1      | Found a faded altar of an unknown god.
   336 | D:1      | 336 ||| READING 3 scrolls labelled ALEMUL QOESEL.
   337 | D:1      | 337 ||| READING scroll labelled LIRILU RUTA.
   368 | D:1      | 368 ||| READING scroll labelled XEMORCH NUSKOO.
   369 | D:1      | 369 ||| READING scroll labelled GIRAED MAGIMMI.
   370 | D:1      | 370 ||| READING 2 scrolls of identify.
   370 | D:1      | 370 ||| IDENTIFYING puce potion
   371 | D:1      | 371 ||| DROPPING scroll of butterflies.
   373 | D:1      | 373 ||| Stepping ~*~*~tactically~*~*~ (cloud).
   379 | D:1      | HP: 4/16 [poisoned by you (poison gas)]
   506 | D:2      | HP: 4/16 [jackal (3)]
   508 | D:2      | HP: 1/16 [kobold/+0 dagger (1)]
   508 | D:2      | Slain by a kobold

Levels and vault maps discovered:
D:1:      mushboom_english_gardens, layout_rooms,
          shapermc_ecumenical_altar_flowoftime, dreamdust_mushroom_princess,
          nicolae_shop_vocational
D:2:      layout_basic

Skill      XL: |  1  2 |
---------------+-------+-----
Ranged Weapons | 6 |  6.2
Fighting       | |  1.5
Dodging        | |  2.4
Stealth        | |  1.2

Action                     || total
---------------------------++-------
   Fire: Shortbow          ||    38
    Use: Scroll            ||     5
 Armour: Leather armour    ||     7
  Dodge: Dodged            ||    33

Table legend:
 A = Non-vault XP
 B = Vault XP
 C = Vault XP percentage of total XP
 D = Non-vault monster count
 E = Vault monster count
 F = Vault count percentage of total count
                 A         B        C        D         E       F
            +---------+---------+-------+---------+---------+-------
      Total |      25 |       0 |   0.0 |      15 |       0 |   0.0
            +---------+---------+-------+---------+---------+-------
        D:1 |      15 |       0 |   0.0 |       9 |       0 |   0.0
        D:2 |      10 |       0 |   0.0 |       6 |       0 |   0.0
            +---------+---------+-------+---------+---------+-------
